 Dungeon Crawl Stone Soup version 0.24.0-13-gcf9b3192b9 (webtiles) character file.

Game seed: 9513033487758786041, levelgen mode: deterministic

59 FrothyCoffee the Ducker (level 3, -1/18 HPs)
             Began as a Felid Chaos Knight on Nov 9, 2019.
             Was an Initiate of Gozag.
             Killed by the capriciousness of Xom (15 damage)
             ... on level 2 of the Dungeon.
             The game lasted 00:16:37 (2743 turns).

FrothyCoffee the Ducker (Felid Chaos Knight)        Turns: 2743, Time: 00:16:37

Health: -1/18      AC:  3    Str:  9    XL:     3   Next: 78%
Magic:  4/4        EV: 19    Int: 15    God:    Gozag
Gold:   70         SH:  0    Dex: 15    Spells: 2/2 levels left
                                        Lives:  0   Deaths: 1

rFire    . . .     SeeInvis +     - Unarmed
rCold    . . .     Gourm    .   (shield unavailable)
rNeg     . . .     Faith    .   (armour unavailable)
rPois    .         Spirit   .   (helmet unavailable)
rElec    .         Reflect  .   (cloak unavailable)
rCorr    .         Harm     .   (gloves unavailable)
MR       .....                  (boots unavailable)
Stlth    +++.......             (no amulet)
HPRegen  0.06/turn              d - +2 ring of protection
MPRegen  0.09/turn              (no ring)

@: quick
A: very small, no armour, no weapons or thrown items, stealth, claws 1, fangs 3,
see invisible, carnivore, clever 1, speed 1, shaggy fur 1, slow metabolism 1,
evolution 1, sharp paws
a: Potion Petition, Call Merchant, Bribe Branch, Renounce Religion


You were on level 2 of the Dungeon.
You worshipped Gozag.
Gozag was noncommittal.
You were full.

You visited 1 branch of the dungeon, and saw 2 of its levels.

You collected 87 gold pieces.
You paid 17 gold pieces to Gozag.

Inventory:

Jewellery
 d - a +2 ring of protection (left paw)
 h - a +3 ring of evasion {unknown}
Scrolls
 b - a scroll of enchant armour {unknown}
 c - a scroll of identify
 i - a scroll of blinking {unknown}
Potions
 e - a potion of cancellation {unknown}
 f - a potion of ambrosia {unknown}
Comestibles
 a - 5 rations


   Skills:
 + Level 3.7 Fighting
 + Level 4.2 Dodging
 + Level 2.9 Stealth
 + Level 3.7 Unarmed Combat


You had 2 spell levels left.
You didn't know any spells.
Your spell library was empty.

Dungeon Overview and Level Annotations

Branches:
Dungeon (2/15)

Altars:
Elyvilon
Gozag

Annotations:
D:2 Natasha


Innate Abilities, Weirdness & Mutations

You cannot wear armour.
You are incapable of wielding weapons or throwing items.
Your paws allow you to move quietly. (Stealth)
You have sharp claws.
You have razor-sharp teeth.
You have supernaturally acute eyesight. (SInv)
You are carnivorous and can eat meat at any time.
You cover ground quickly.
You are covered in fur. (AC +1)
You have a slow metabolism.
Your sharp claws are effective at attacking unaware monsters.
Your mind is acute. (Int +2)
You evolve.


Message History

The adder misses you.
You scratch the adder.
You kill the adder!
You now have 64 gold pieces (gained 8).
You start resting.
The bat is too close now for your liking.
The bat misses you.
You barely miss the bat. The bat barely misses you. The bat misses you.
You scratch the bat.
You kill the bat!
No target in view!
You now have 70 gold pieces (gained 6).
There is a stone staircase leading up here.
You start resting.
Xom's attention turns to you for a moment.
Energy rips through your body!
Ouch! That really hurt!
You die...
Xom thinks this is hilarious!
Your body crumbles into a pile of gold.

.........#..#.##......####.......
.........#..#.##..............###
.........#..#.##.......###....#..
.....#....)............# #....#.#
####...................# #....#.#
.....#.....#...........# #.......
.......................# ##..##..
.....#.#####....[......####..##..
.....#.......#..@#...###.....##..
..........#..#.#####.# #...(.####
........#.#(.......#.###.....####
........#.#.....#................
......#...#..<..#........##......
......#...#####.#........##......
..........## #.#........##......
#######...)# #.#........##...###
# #.......# #.#........##...#


There were no monsters in sight!

Vanquished Creatures
  Natasha (D:2)
  2 adders (D:2)
  5 dart slugs
  3 leopard geckos (D:2)
  4 bats
  2 giant cockroaches
  6 goblins
  7 hobgoblins
  3 jackals (D:1)
  8 kobolds
  A frilled lizard (D:1)
  4 rats
46 creatures vanquished.

Notes
Turn   | Place    | Note
-------+----------+-------------------------------------------
     0 | D:1      | FrothyCoffee the Felid Chaos Knight began the quest for the
                  | Orb.
     0 | D:1      | Reached XP level 1. HP: 10/10 MP: 2/2
   423 | D:1      | XOM: mild Erth miscast
   450 | D:1      | Reached skill level 1 in Stealth
   620 | D:1      | Reached XP level 2. HP: 13/14 MP: 3/3
  1313 | D:1      | XOM: cloud trail
  1335 | D:1      | Reached XP level 3. HP: 17/17 MP: 4/4
  1740 | D:2      | Noticed Natasha
  1749 | D:2      | Killed Natasha
  1749 | D:2      | Reached skill level 4 in Dodging
  1776 | D:2      | Reached XP level 4. HP: 21/21 MP: 5/5
  1805 | D:2      | XOM: noise
  1928 | D:2      | XOM: noise
  1998 | D:2      | Noticed Natasha
  2017 | D:2      | Gained mutation: You evolve. [potion of mutation]
  2017 | D:2      | Gained mutation: Your mind is acute. (Int +2) [potion of
                  | mutation]
  2021 | D:2      | Slain by Natasha
  2022 | D:2      | Reached XP level 3. HP: -5/17 MP: 4/4
  2316 | D:2      | Found a white marble altar of Elyvilon.
  2460 | D:2      | Found an opulent altar of Gozag.
  2473 | D:2      | XOM: cloud trail
  2542 | D:2      | Fell from the grace of Xom
  2542 | D:2      | Became a worshipper of Gozag Ym Sagoz the Greedy
  2743 | D:2      | XOM: medium Conj miscast
  2743 | D:2      | Killed by the capriciousness of Xom

Levels and vault maps discovered:
D:1:      dpeg_arrival_tiny_i, layout_basic
D:2:      layout_basic, nicolae_overflow_crystal_walls,
          lemuel_coloured_pillars_altar, first_ration, uniq_natasha

Skill      XL: |  1  2  3 |
---------------+----------+-----
Stealth        | 1 2 |  2.9
Dodging        | 4 |  4.2
Fighting       | |  3.7
Unarmed Combat | |  3.7

Action                   |  1- 3 |  4- 6 || total
-------------------------+-------+-------++-------
Melee: Unarmed           |   135 |    19 ||   154
       Bite              |    14 |     3 ||    17
  Use: Potion            |       |     2 ||     2
       Scroll            |       |     1 ||     1
 Stab: Sleeping          |     7 |       ||     7
       Distracted        |     1 |       ||     1
  Eat: Chunk             |    12 |       ||    12
Armor: Skin              |     7 |     1 ||     8
Dodge: Dodged            |    96 |    14 ||   110
